 Dungeon Crawl Stone Soup version 0.31-a0-1388-g4b2ba238e7 (webtiles) character file.

Game seed: 2213914384707818694

2963 porpoise the Magician (level 9, -2/67 HPs)
             Began as a Gnoll Alchemist on Dec 25, 2023.
             Was an Initiate of Sif Muna.
             Slain by a polar bear (19 damage)
             ... on level 8 of the Dungeon.
             The game lasted 00:34:30 (9298 turns).

porpoise the Magician (Gnoll Alchemist)             Turns: 9298, Time: 00:34:30

Health: -2/67      AC:  9    Str:  6    XL:     9   Next: 81%
Magic:  14/19      EV: 14    Int: 18    God:    Sif Muna [......]
Gold:   448        SH:  5    Dex: 17    Spells: 11/22 levels left

rFire   + . .        a - +2 short sword (elec)
rCold   . . .        (no shield)
rNeg    . . .        k - +2 leather armour {Will+}
rPois   .            g - +0 helmet
rElec   .            n - +0 cloak
rCorr   .            I - +0 pair of gloves
SInv    .            (no boots)
Will    +....        h - amulet of reflection
Stlth   +++          (no ring)
HPRegen 0.31/turn    (no ring)
MPRegen 0.16/turn

%: reflection
@: hasted, very quick
A: fangs 1, strong nose, distributed training, agile 1, fire resistance 1, noise
suppression
a: Renounce Religion


You were on level 8 of the Dungeon.
You worshipped Sif Muna.
Sif Muna was noncommittal.
You visited 1 branch of the dungeon, and saw 9 of its levels.

You collected 448 gold pieces.

Inventory:

Hand Weapons
 a - a +2 short sword of electrocution (weapon)
 b - a +0 sling
 d - a +0 short sword of venom
 e - a +0 dagger of draining
 w - the +7 hand axe of Onoren {heavy, rPois}
   (You found it on level 8 of the Dungeon)

   rPois:     It protects you from poison
Missiles
 c - 16 boomerangs (quivered)
 o - 24 poisoned darts
Armour
 g - a +0 helmet (worn)
 k - a +2 leather armour of willpower (worn)
 n - a +0 cloak (worn)
 I - a +0 pair of gloves (worn)
Jewellery
 h - an amulet of reflection (around neck)
 i - a ring of ice
Wands
 u - a wand of iceblast (6)
 y - a wand of polymorph (4)
 F - a wand of acid (6)
 H - a wand of mindburst (12)
Scrolls
 f - a scroll of amnesia
 j - 2 scrolls of fear
 m - 2 scrolls of teleportation
 p - a scroll of poison
 q - a scroll of revelation
 s - a scroll of fog
 x - a scroll of butterflies
 B - a scroll of noise
 C - a scroll of blinking
 D - a scroll of identify
 E - a scroll of enchant armour
Potions
 l - 4 potions of haste
 t - a potion of curing
 v - a potion of mutation
 z - a potion of attraction
 A - a potion of cancellation
 G - 2 potions of heal wounds


   Skills:
 + Level 4.8 Fighting
 + Level 4.8 Short Blades
 + Level 4.8 Long Blades
 + Level 4.8 Axes
 + Level 4.8 Maces & Flails
 + Level 4.8 Polearms
 + Level 4.8 Staves
 + Level 4.8 Ranged Weapons
 + Level 4.8 Throwing
 + Level 4.8 Armour
 + Level 6.7 Dodging
 + Level 6.4 Stealth
 + Level 4.8 Shields
 + Level 4.8 Unarmed Combat
 + Level 7.0 Spellcasting
 + Level 4.5 Conjurations
 + Level 3.9 Hexes
 + Level 3.9 Summonings
 + Level 3.9 Necromancy
 + Level 3.9 Translocations
 + Level 3.9 Fire Magic
 + Level 3.9 Ice Magic
 + Level 3.9 Air Magic
 + Level 3.9 Earth Magic
 + Level 6.8 Alchemy
 + Level 5.2 Invocations
 + Level 4.8 Evocations
 + Level 4.3 Shapeshifting


You had 11 spell levels left.
You knew the following spells:

 Your Spells              Type           Power      Damage    Failure   Level
a - Sandblast             Erth           40%        2d10      3%          1
b - Mercury Vapours       Alch/Air       50%        N/A       2%          2
c - Mephitic Cloud        Conj/Alch/Air  24%        N/A       6%          3
d - Olgreb's Toxic Radia  Alch           30%        N/A       10%         4
s - Sting                 Conj/Alch      100%       1d9       1%          1

Your spell library contained the following spells:

 Spells                   Type           Power      Damage    Failure   Level
 Passwall                 Alch/Erth      20%        N/A       2%          2
 Apportation              Tloc           40%        N/A       3%          1
 Necrotise                Necr           80%        1d8       3%          1
 Summon Small Mammal      Summ           80%        N/A       3%          1
 Stone Arrow              Conj/Erth      42%        3d9       9%          3
 Volatile Blastmotes      Fire/Tloc      40%        2d13      10%         3
 Fulminant Prism          Conj/Alch      13%        3d8       16%         4
 Sticky Flame             Fire/Alch      25%        2d6       17%         4
 Brom's Barrelling Bould  Conj/Erth      21%        2d4       26%         4
 Iskenderun's Mystic Bla  Conj/Tloc      21%        2d6       26%         4
 Passage of Golubria      Tloc           20%        N/A       30%         4
 Silence                  Hex/Air        10%        N/A       65%         5
 Ozocubu's Refrigeration  Ice            10%        4d9       100%        7
 Discord                  Hex            10%        N/A       100%        8
 Lehudib's Crystal Spear  Conj/Erth      10%        10d4      100%        8


Dungeon Overview and Level Annotations

Branches:
Dungeon (9/15)             Temple (0/1) D:7
   Lair: D:8-11         Orc: D:9-12

Altars:
Ashenzari
Kikubaaqudgha
Makhleb
Nemelex Xobeh
Qazlal
Sif Muna
Uskayaw
Wu Jian
Xom

Shops:
D:3 (   D:5 :

Annotations:
D:1 exclusion: downstairs
D:3 2 transporters (manual armour) artRing - Gnolls, TheScarfBastard's ghost, amateur DrBe
D:7 2 transporters, Burzz's ghost, novice DjHW


Innate Abilities, Weirdness & Mutations

You have very sharp teeth.
Your uncanny sense of smell can sniff out nearby items.
Your experience applies equally to all skills.
You are agile. (Dex +4, Str/Int -1)
Your flesh is heat resistant. (rF+)
You passively dampen the noise of your surroundings.


Message History

Press: ? - help, Shift-Dir - straight line, f/p - polar bear
Aim: a polar bear (lightly wounded, very poisoned, 87% to hit)
The blast of sand hits the polar bear!
The polar bear is moderately wounded.
The polar bear bites you!
The polar bear claws you but does no damage.
You block the polar bear's attack. The polar bear completely misses you.
The polar bear claws you. The polar bear barely misses you.
You hit the polar bear.
Lightning courses through the polar bear!
You bite the polar bear, but do no damage.
The polar bear is heavily wounded.
The polar bear bites you!
The polar bear claws you but does no damage. x2
You hit the polar bear.
The polar bear is severely wounded.
You hit the polar bear but do no damage.
You bite the polar bear.
The polar bear is severely wounded.
The polar bear closely misses you. The polar bear completely misses you.
The polar bear barely misses you.
You completely miss the polar bear.
The polar bear is severely wounded.
The polar bear bites you but does no damage.
The polar bear closely misses you. The polar bear misses you.
You hit the polar bear but do no damage.
The polar bear is severely wounded.
The polar bear goes berserk!
You hit the polar bear but do no damage.
The polar bear is severely wounded.
The polar bear bites you but does no damage.
The polar bear closely misses you.
The polar bear claws you but does no damage.
You hit the polar bear but do no damage.
The polar bear is severely wounded.
The polar bear closely misses you. The polar bear claws you.
* * * LOW HITPOINT WARNING * * *
The polar bear claws you but does no damage.
You feel yourself speed up. The polar bear bites you!!
You die...

####### #.....# #.###.#
################## #.#
#.#####@................
#.#
#......h########.#######
#.#########.# #.# ###
#.##.....##.# #.# #..
#.##.###.##.###### #.#
#.. #.##.# #.##...(.[#
#.# #.. #....#
#.##.####.# #.# #..
###### #.....#...# #.#
###.. ####..#.### #.#
#.'..


You could see a polar bear (berserk, poisoned).

Vanquished Creatures
  Pikel (D:5)
  A hornet (D:7)
  Sigmund (D:2)
  Eustachio (D:5)
  A steam dragon (D:7)
  Edmund (D:5)
  An orc warrior (D:6)
  3 ice beasts
  An ogre (D:7)
  A centaur (D:8)
  A lemure (D:5)
  2 kobold brigands
  A bullfrog (D:8)
  A scorpion (D:7)
  6 howler monkeys
  A crimson imp (D:5)
  A hound (D:5)
  A jelly (D:5)
  Crazy Yiuf (D:2)
  2 orc priests (D:7)
  A gnoll bouda (D:5)
  A sleepcap (D:6)
  3 iguanas
  Ijyb (D:3)
  Natasha (thrice) (D:4)
  2 orc wizards (D:6)
  Robin (D:2)
  3 gnolls (D:5)
  8 adders
  2 ufetubi (D:6)
  A worm (D:3)
  5 dart slugs
  23 orcs
  9 ball pythons
  4 bats
  6 endoplasms
  3 giant cockroaches
  13 hobgoblins
  4 quokkas
  2 frilled lizards
  22 goblins
  15 kobolds
  13 rats
174 creatures vanquished.

Notes
Turn   | Place    | Note
-------+----------+-------------------------------------------
     0 | D:1      | porpoise the Gnoll Alchemist began the quest for the Orb.
     0 | D:1      | Reached XP level 1. HP: 13/13 MP: 6/6
   274 | D:1      | Reached XP level 2. HP: 19/19 MP: 7/7
   306 | D:1      | Learned a level 2 spell: Mercury Vapours
   573 | D:1      | Reached skill level 5 in Spellcasting
   573 | D:1      | Reached XP level 3. HP: 10/25 MP: 7/9
   834 | D:2      | Noticed Sigmund
  1150 | D:2      | Found a runed translucent door.
  1151 | D:2      | Noticed Crazy Yiuf
  1224 | D:3      | Reached skill level 1 in Invocations
  1399 | D:3      | Found a transporter.
  1422 | D:3      | Reached skill level 1 in Fighting
  1422 | D:3      | Reached skill level 1 in Short Blades
  1422 | D:3      | Reached skill level 1 in Long Blades
  1422 | D:3      | Reached skill level 1 in Axes
  1422 | D:3      | Reached skill level 1 in Maces & Flails
  1422 | D:3      | Reached skill level 1 in Polearms
  1422 | D:3      | Reached skill level 1 in Staves
  1422 | D:3      | Reached skill level 1 in Ranged Weapons
  1422 | D:3      | Reached skill level 1 in Throwing
  1422 | D:3      | Reached skill level 1 in Armour
  1422 | D:3      | Reached skill level 1 in Shields
  1422 | D:3      | Reached skill level 1 in Unarmed Combat
  1422 | D:3      | Reached skill level 1 in Evocations
  1612 | D:3      | Noticed TheScarfBastard's ghost (amateur DrBe)
  1619 | D:3      | Identified the +2 kite shield of the Meager God {Dex+2}
  1619 | D:3      | Noticed a gnoll sergeant
  1664 | D:3      | Found Qeelity's Weapon Emporium.
  1701 | D:3      | Found a transporter.
  1834 | D:3      | Reached skill level 1 in Shapeshifting
  1834 | D:3      | Reached XP level 4. HP: 19/32 MP: 9/11
  2010 | D:2      | Reached skill level 1 in Hexes
  2010 | D:2      | Reached skill level 1 in Summonings
  2010 | D:2      | Reached skill level 1 in Necromancy
  2010 | D:2      | Reached skill level 1 in Translocations
  2010 | D:2      | Reached skill level 1 in Fire Magic
  2010 | D:2      | Reached skill level 1 in Ice Magic
  2010 | D:2      | Reached skill level 1 in Air Magic
  2010 | D:2      | Reached skill level 1 in Earth Magic
  2055 | D:2      | Found a stormy altar of Qazlal.
  2068 | D:2      | Noticed Robin
  2108 | D:2      | Killed Robin
  2109 | D:2      | Reached XP level 5. HP: 13/36 MP: 5/12
  2114 | D:2      | Gained mutation: Your flesh is heat resistant. (rF+)
                  | [potion of mutation]
  2114 | D:2      | Gained mutation: You passively dampen the noise of your
                  | surroundings. [potion of mutation]
  2114 | D:2      | Gained mutation: You are agile. (Dex +4, Str/Int -1)
                  | [potion of mutation]
  2128 | D:2      | Killed Sigmund
  2129 | D:2      | Reached skill level 5 in Dodging
  2129 | D:2      | Reached XP level 6. HP: 44/44 MP: 10/14
  2564 | D:2      | Learned a level 3 spell: Mephitic Cloud
  2569 | D:2      | Learned a level 4 spell: Olgreb's Toxic Radiance
  2889 | D:2      | Killed Crazy Yiuf
  3159 | D:3      | Found a faded altar of an unknown god.
  3308 | D:3      | Noticed Ijyb
  3318 | D:3      | Killed Ijyb
  3792 | D:4      | Noticed Natasha
  3799 | D:4      | Killed Natasha
  3876 | D:4      | Noticed Natasha
  3886 | D:4      | Killed Natasha
  3887 | D:4      | Reached XP level 7. HP: 46/50 MP: 12/15
  3936 | D:4      | Noticed Natasha
  3946 | D:4      | Killed Natasha
  4186 | D:4      | Found a sparkling altar of Nemelex Xobeh.
  4238 | D:5      | Entered Level 5 of the Dungeon
  4549 | D:5      | Noticed Edmund
  4556 | D:5      | Killed Edmund
  4557 | D:5      | Reached skill level 5 in Stealth
  4659 | D:5      | Noticed Pikel
  4687 | D:5      | Killed Pikel
  4688 | D:5      | Reached skill level 6 in Spellcasting
  4688 | D:5      | Reached XP level 8. HP: 13/58 MP: 12/17
  5007 | D:5      | Noticed Eustachio
  5062 | D:5      | Killed Eustachio
  5466 | D:5      | Found a shimmering altar of Xom.
  5467 | D:5      | Found a burning altar of Makhleb.
  5710 | D:5      | Found Erphoala's Book Emporium.
  6244 | D:6      | Reached XP level 9. HP: 56/65 MP: 13/18
  6471 | D:6      | Found a hide-covered altar of Uskayaw.
  7028 | D:7      | Found a transporter.
  7028 | D:7      | Noticed Burzz's ghost (novice DjHW)
  7064 | D:7      | Found a transporter.
  7102 | D:7      | Found a shimmering blue altar of Sif Muna.
  7115 | D:7      | Became a worshipper of Sif Muna the Loreminder
  7328 | D:7      | Found an ornate altar of the Wu Jian Council.
  7616 | D:7      | Found a broken altar of Ashenzari.
  7626 | D:7      | Noticed a hornet
  7639 | D:7      | Paralysed by a hornet for 1 turns
  7641 | D:7      | Killed a hornet
  7641 | D:7      | Reached * piety under Sif Muna
  7642 | D:7      | Reached skill level 5 in Invocations
  7769 | D:7      | Found a staircase to the Ecumenical Temple.
  7785 | D:7      | Found an ancient bone altar of Kikubaaqudgha.
  8354 | D:8      | Learned a level 1 spell: Sandblast
  8767 | D:8      | Identified the +7 hand axe of Onoren {heavy, rPois}
  8968 | D:8      | Reached skill level 7 in Spellcasting
  9038 | D:9      | Noticed a polar bear
  9038 | D:9      | Noticed a polar bear
  9298 | D:8      | Slain by a polar bear

Illustrated notes

Levels and vault maps discovered:
D:1:      sevenhm_arrival_forest_fort_small_3, layout_basic,
          minmay_rat_gold_closets
D:2:      layout_loops_ring, basic_altar, uniq_sigmund, uniq_robin,
          uniq_crazy_yiuf_cottage
D:3:      layout_loops_cross, gammafunk_ghost_gnarly_gnolls, serial_shops,
          nicolae_shop_behind_doors, nicolae_ecumenical_snake_handling,
          nicolae_goblin_pals
D:4:      layout_rooms, kennysheep_little_box, uniq_natasha
D:5:      layout_loops_ring, grunt_temple_overflow_champion_of_chaos,
          serial_shops, nicolae_shop_hallway_stairs, uniq_edmund,
          uniq_eustachio, uniq_pikel
D:6:      layout_basic, general_overflow_altar
D:7:      layout_loops_ring, old_standard_altar, ashenzari_conservatory_becter,
          mainiacjoe_overflow_catwalk, nicolae_sif_muna_condensation,
          minmay_temple_entry_from_below_a, gammafunk_ghost_arena
D:8:      layout_basic, nicolae_figureground_sparkle
D:9:      layout_small_grid, minmay_orc_entry_temple_small, serial_shops, shop,
          serial_ice, serial_ice_l, serial_ice_e, serial_ice_o, serial_ice_n,
          special_room [special_room_orc]

Skill      XL: |  1  2  3  4  5  6  7  8  9 |
---------------+----------------------------+-----
Conjurations   | 2 3 4 |  4.5
Spellcasting   | 5 6 7 |  7.0
Invocations    | 1 2 3 4 5 |  5.2
Fighting       | 1 2 3 4 |  4.8
Short Blades   | 1 2 3 4 |  4.8
Long Blades    | 1 2 3 4 |  4.8
Axes           | 1 2 3 4 |  4.8
Maces & Flails | 1 2 3 4 |  4.8
Polearms       | 1 2 3 4 |  4.8
Staves         | 1 2 3 4 |  4.8
Ranged Weapons | 1 2 3 4 |  4.8
Throwing       | 1 2 3 4 |  4.8
Armour         | 1 2 3 4 |  4.8
Shields        | 1 2 3 4 |  4.8
Unarmed Combat | 1 2 3 4 |  4.8
Evocations     | 1 2 3 4 |  4.8
Shapeshifting  | 1 2 3 4 |  4.3
Hexes          | 1 2 3 |  3.9
Summonings     | 1 2 3 |  3.9
Necromancy     | 1 2 3 |  3.9
Translocations | 1 2 3 |  3.9
Fire Magic     | 1 2 3 |  3.9
Ice Magic      | 1 2 3 |  3.9
Air Magic      | 1 2 3 |  3.9
Earth Magic    | 1 2 3 |  3.9
Dodging        | 5 6 |  6.7
Stealth        | 5 6 |  6.4
Alchemy        | 6 |  6.8

Action                     |  1- 3 |  4- 6 |  7- 9 || total
---------------------------+-------+-------+-------++-------
  Melee: Short sword       |   102 |    93 |   159 ||   354
         Bite              |    15 |    12 |    19 ||    46
         Punch             |     1 |     1 |     6 ||     8
         Dagger            |     2 |       |    46 ||    48
         Hand axe          |       |       |    11 ||    11
   Fire: Sling             |       |     9 |    67 ||    76
  Throw: Boomerang         |     1 |       |     4 ||     5
   Cast: Sting             |    13 |    44 |    41 ||    98
         Mercury Vapours   |       |     4 |    18 ||    22
         Olgreb's Toxic Ra |       |     1 |     6 ||     7
         Mephitic Cloud    |       |       |     2 ||     2
         Sandblast         |       |       |     2 ||     2
    Use: Potion            |       |     5 |     5 ||    10
         Scroll            |       |     3 |    12 ||    15
   Stab: Sleeping          |    11 |     2 |     6 ||    19
 Armour: Robe              |    33 |    35 |    56 ||   124
         Skin              |       |    13 |       ||    13
         Leather armour    |       |       |    90 ||    90
  Dodge: Dodged            |    40 |    43 |   182 ||   265
  Block: Other             |     4 |    21 |    68 ||    93
         Reflection        |       |       |     5 ||     5

Table legend: (Time is in decaauts)
 A = Elapsed time spent in this place.
 B = Non-inter-level travel time spent in this place.
 C = Inter-level travel time spent in this place.
 D = Time resting spent in this place.
 E = Time spent auto-exploring this place.
 F = Levels seen in this place.
 G = Mean time per level.
                   A        B        C        D        E       F      G
               +--------+--------+--------+--------+--------+-----+--------+
         Total |   9246 |   8834 |    412 |   3362 |   3889 |   9 | 1027.3 |
       Dungeon |   9246 |   8834 |    412 |   3362 |   3889 |   9 | 1027.3 |
               +--------+--------+--------+--------+--------+-----+--------+

Top non-repeatable levels by time:
     D:5: 1808 daAuts
     D:2: 1404 daAuts
     D:3: 1293 daAuts
     D:7: 1213 daAuts
     D:8: 1113 daAuts
     D:6: 864 daAuts
     D:1: 860 daAuts
     D:4: 668 daAuts
     D:9: 19 daAuts
